 Dungeon Crawl Stone Soup version 0.28-a0-1629-gf728b707aa (webtiles) character file.

Game seed: 5580682868574336824

16 Hasart the Shield-Bearer (level 2, 0/25 HPs)
             Began as a Demigod Fighter on Jan 24, 2022.
             Slain by a giant cockroach (2 damage)
             ... on level 2 of the Dungeon.
             The game lasted 00:01:40 (1112 turns).

Hasart the Shield-Bearer (Demigod Fighter)          Turns: 1112, Time: 00:01:41

Health: 0/25       AC:  7    Str: 17    XL:     2   Next: 24%
Magic:  4/4        EV:  9    Int: 10    God:
Gold:   48         SH:  4    Dex: 13    Spells: 1/1 levels left

rFire   . . .      SeeInvis .   a - +0 long sword
rCold   . . .      Faith    .   c - +0 buckler
rNeg    . . .      Spirit   .   b - +0 scale mail
rPois   .          Reflect  .   (no helmet)
rElec   .          Harm     .   (no cloak)
rCorr   .          Rampage  .   (no gloves)
Will    .....                   h - +0 pair of boots
Stlth   ..........              (no amulet)
HPRegen 0.08/turn               (no ring)
MPRegen 0.09/turn               (no ring)

@: no status effects
A: high mp 1, forlorn, divine attributes
a: no special abilities


You were on level 2 of the Dungeon.
You visited 1 branch of the dungeon, and saw 2 of its levels.

You collected 48 gold pieces.

Inventory:

Hand Weapons
 a - a +0 long sword (weapon)
Armour
 b - a +0 scale mail (worn)
 c - a +0 buckler (worn)
 h - a +0 pair of boots (worn)
Scrolls
 e - 2 scrolls of amnesia {unknown}
 g - a scroll of fog {unknown}
 i - a scroll of identify {unknown}
Potions
 d - a potion of might
 f - a potion of brilliance {unknown}


   Skills:
 + Level 2.8 Fighting
 * Level 2.1 Long Blades
 + Level 2.8 Armour
 + Level 0.5 Dodging
 + Level 2.8 Shields


You had one spell level left.
You didn't know any spells.
Your spell library was empty.

Dungeon Overview and Level Annotations

Branches:
Dungeon (2/15)


Innate Abilities, Weirdness & Mutations

You have an increased reservoir of magic. (+10% MP)
You shall have no god before yourself.
Your divine heritage dramatically boosts your attributes as you level up.


Message History

The giant cockroach completely misses you.
The rat bites you.
* * * LOW HITPOINT WARNING * * *
The giant cockroach bites you but does no damage.
The giant cockroach waves its antennae.
The giant cockroach closely misses you. You block the rat's attack.
The giant cockroach bites you but does no damage.
The rat bites you.
* * * LOW HITPOINT WARNING * * *
The giant cockroach bites you but does no damage.
The rat bites you but does no damage. You block the giant cockroach's attack.
The rat barely misses you. The giant cockroach closely misses you.
The rat bites you but does no damage. The giant cockroach barely misses you.
The giant cockroach closely misses you. The rat bites you.
* * * LOW HITPOINT WARNING * * *
The giant cockroach bites you but does no damage.
The rat bites you but does no damage. The giant cockroach closely misses you.
The rat closely misses you.
The giant cockroach bites you but does no damage.
The rat bites you but does no damage. The giant cockroach barely misses you.
The rat closely misses you.
The giant cockroach bites you but does no damage.
You block the giant cockroach's attack. You block the rat's attack.
The giant cockroach bites you but does no damage.
The rat barely misses you. The giant cockroach bites you.
* * * LOW HITPOINT WARNING * * *
The rat barely misses you.
The giant cockroach bites you but does no damage.
The rat bites you but does no damage. You block the giant cockroach's attack.
The rat barely misses you.
The giant cockroach bites you but does no damage.
The giant cockroach bites you but does no damage.
You block the rat's attack.
The giant cockroach bites you but does no damage.
The rat barely misses you. The giant cockroach barely misses you.
You block the rat's attack. The giant cockroach bites you.
You die...

##########
#........#
#........####
#...........#
#...........#
#...........+
#....B......#
######@r.....#
#...##.##....#
#...##.# ###
#......#
#....#.# .#
#....#.##.#
#....#....#
#....#>....
#........#


You could see a giant cockroach and a rat.

Vanquished Creatures
  A goblin (D:1)
  4 hobgoblins (D:1)
  2 kobolds
  2 ball pythons (D:1)
  2 bats (D:1)
  2 frilled lizards
  3 rats (D:1)
16 creatures vanquished.

Notes
Turn   | Place    | Note
-------+----------+-------------------------------------------
     0 | D:1      | Hasart the Demigod Fighter began the quest for the Orb.
     0 | D:1      | Reached XP level 1. HP: 18/18 MP: 3/3
   451 | D:1      | Reached XP level 2. HP: 19/25 MP: 4/4
  1112 | D:2      | Slain by a giant cockroach

Illustrated notes

Levels and vault maps discovered:
D:1:      lemuel_arrival_broad_hall, layout_basic,
          dreamdust_ecumenical_altar_hidden_monk_grotto,
          chequers_serial_rivers_small_a
D:2:      layout_basic

Skill      XL: |  1 |
---------------+----+-----
Long Blades    | 2 |  2.1
Fighting       | |  2.8
Armour         | |  2.8
Dodging        | |  0.5
Shields        | |  2.8

Action                   || total
-------------------------++-------
Melee: Long sword        ||    62
Armor: Scale mail        ||   123
Dodge: Dodged            ||   105
Block: Buckler           ||    57

Table legend: (Time is in decaauts)
 A = Elapsed time spent in this place.
 B = Non-inter-level travel time spent in this place.
 C = Inter-level travel time spent in this place.
 D = Time resting spent in this place.
 E = Time spent auto-exploring this place.
 F = Levels seen in this place.
 G = Mean time per level.
                   A        B        C        D        E       F      G
               +--------+--------+--------+--------+--------+-----+--------+
         Total |   1133 |   1078 |     55 |      0 |    799 |   2 |  566.5 |
       Dungeon |   1133 |   1078 |     55 |      0 |    799 |   2 |  566.5 |
               +--------+--------+--------+--------+--------+-----+--------+

Top non-repeatable levels by time:
     D:1: 982 daAuts
     D:2: 151 daAuts
